 Dungeon Sprint DCSS version 0.28-a0-851-g8b9cc49659 (webtiles) character file.

Game seed: 4683233465146832968

119115807 mhtbhm the Conqueror (level 21, 165/201 HPs)
             Began as a Minotaur Fighter on Nov 14, 2021.
             Was the Champion of Okawaru.
             Escaped with the Orb
             ... and 17 runes!
             The game lasted 00:36:28 (15304 turns).

mhtbhm the Conqueror (Minotaur Fighter)            Turns: 15304, Time: 00:36:29

Health: 165/201    AC: 46    Str: 36    XL:     21   Next: 18%
Magic:  37/37      EV: 28    Int:  7    God:    Okawaru [******]
Gold:   742        SH: 35    Dex: 21    Spells: 22/22 levels left

rFire   + . .      SeeInvis .   O - +4 morningstar (holy)
rCold   + + +      Faith    .   c - +3 tower shield of Ylaebl Huargh {rC+++ Will- Str+7 Int-3}
rNeg    + + .      Spirit   .   b - +2 gold dragon scales
rPois   +          Reflect  +   n - +2 hat {Int+3}
rElec   +          Harm     .   v - +1 cloak
rCorr   .          Rampage  ∞   d - +2 pair of gloves {Str+3}
Will    .....      NoTele   +   u - +3 pair of seven-league boots {Rampage+∞}
Stlth   +.........              Q - amulet "Odghotra" {Reflect Str-3 Int+2 Dex+8 SH+5}
HPRegen 0.43/turn               U - ring "Japtol" {rN++ EV+3}
MPRegen 0.25/turn               T - ring "Ewiess" {rElec AC+3 Dex+3}

@: no status effects
A: horns 2, retaliatory headbutt, frail 1, weak 1, no potion heal 1
0: Orb of Zot
}: 17/17 runes: decaying, serpentine, barnacled, slimy, elven, silver, golden,
iron, obsidian, icy, bone, abyssal, glowing, magical, fiery, dark, gossamer
a: Renounce Religion, Heroism, Finesse


You escaped.
You worshipped Okawaru.
Okawaru was exalted by your worship.
You visited 1 branch You collected 1990 gold pieces.
You spent 1248 gold pieces at shops.

Inventory:

Hand Weapons
 a - a +5 demon whip of freezing
 f - the +5 demon whip "Spellbinder" {antimagic, Will+}
   (Okawaru gifted it to you in the Dungeon)

   It reduces the magical energy of the wielder, and disrupts the spells and
   magical abilities of those it strikes.
   Natural abilities and divine invocations are not affected.
   It unleashes wild and unpredictable magical effects upon striking a wizard or
   a creature with magical abilities.
   Will:      It increases your willpower.
 F - a +1 great mace of holy wrath
 O - a +4 morningstar of holy wrath (weapon)
Missiles
 l - 6 atropa-tipped darts
 w - 10 javelins (quivered)
 L - 4 datura-tipped darts
 M - a throwing net
 N - a silver javelin
Armour
 b - +2 gold dragon scales (worn)
 c - the +3 tower shield of Ylaebl Huargh (worn) {rC+++ Will- Str+7 Int-3}
   (You found it in the Dungeon)

   Str:       It affects your strength (+7).
   Int:       It affects your intelligence (-3).
   rC:        It renders you almost immune to cold.
   Will:      It decreases your willpower.
 d - a +2 pair of gloves of strength (worn)
 n - a +2 hat of intelligence (worn)
 u - the +3 pair of seven-league boots (worn) {Rampage+∞}
   (You found it in the Dungeon)

   Its wearer moves as far as possible in that direction when moving towards
   enemies.
 v - a +1 cloak (worn)
Jewellery
 s - an amulet of regeneration
 Q - the amulet "Odghotra" (around neck) {Reflect Str-3 Int+2 Dex+8 SH+5}
   (You found it in the Dungeon)

   [amulet of reflection]

   It reflects blocked missile attacks.
   Str:       It affects your strength (-3).
   Int:       It affects your intelligence (+2).
   Dex:       It affects your dexterity (+8).
   SH:        It affects your SH (+5).
 R - the ring of Xuboef {rC++ Dex+5 Slay+3}
   (You found it in the Dungeon)

   [ring of slaying]

   Dex:       It affects your dexterity (+5).
   Slay:      It affects your accuracy & damage with ranged weapons and melee
   (+3).
   rC:        It greatly protects you from cold.
 S - the ring of Huowyossan {rCorr SInv}
   (You found it in the Dungeon)

   [ring of resist corrosion]

   SInv:      It lets you see invisible.
   rCorr:     It protects you from acid and corrosion.
 T - the ring "Ewiess" (right hand) {rElec AC+3 Dex+3}
   (You found it in the Dungeon)

   [ring of protection]

   AC:        It affects your AC (+3).
   Dex:       It affects your dexterity (+3).
   rElec:     It insulates you from electricity.
 U - the ring "Japtol" (left hand) {rN++ EV+3}
   (You found it in the Dungeon)

   [ring of evasion]

   EV:        It affects your evasion (+3).
   rN:        It greatly protects you from negative energy.
Wands
 x - a wand of paralysis (8)
Scrolls
 j - 5 scrolls of blinking
 k - 4 scrolls of amnesia
 r - 9 scrolls of identify
 D - a scroll of fog
 E - 4 scrolls of fear
Potions
 e - 2 potions of curing
 g - 2 potions of resistance
 h - 9 potions of magic
 i - 7 potions of heal wounds
 m - a potion of cancellation
 p - 4 potions of mutation
 q - a potion of might
 t - a potion of invisibility
 C - 2 potions of berserk rage
 K - 3 potions of haste
Miscellaneous
 o - the horn of Geryon


   Skills:
 O Level 27 Fighting
 - Level 1.8(2.2) Short Blades
 - Level 2.1(2.5) Long Blades
 O Level 27 Axes
 O Level 27 Maces & Flails
 - Level 2.0(18.2) Polearms
 - Level 2.0(18.2) Staves
 O Level 27 Slings
 - Level 1.8 Bows
 - Level 1.9 Crossbows
 O Level 27 Throwing
 O Level 27 Armour
 O Level 27 Dodging
 O Level 27 Stealth
 O Level 27 Shields
 - Level 1.8 Unarmed Combat
 - Level 1.1 Spellcasting
 - Level 1.3 Conjurations
 - Level 1.0 Hexes
 - Level 1.2 Summonings
 - Level 1.1 Necromancy
 - Level 1.1 Translocations
 - Level 1.2 Transmutations
 - Level 1.1 Fire Magic
 - Level 1.1 Ice Magic
 - Level 1.1 Air Magic
 - Level 1.4 Earth Magic
 - Level 1.3 Poison Magic
 O Level 27 Invocations
 + Level 25.8 Evocations


You had 22 spell levels left.
You didn't know any spells.
Your spell library contained the following spells:

 Spells                   Type           Power      Damage    Failure   Level
 Shock                    Conj/Air       8%         1d3       71%         1
 Swiftness                Air            2%         N/A       97%         3
 Airstrike                Air            1%         N/A       100%        4
 Passage of Golubria      Tloc           2%         N/A       100%        4
 Yara's Violent Unravell  Hex/Tmut       1%         3d3       100%        5
 Tukima's Dance           Hex            Unusable   N/A       N/A         3

Dungeon Overview and Level Annotations

Branches:
Dungeon (1/1)

Altars:
Cheibriados
Dithmenos
Elyvilon
Fedhas
Gozag
Hepliaklqana
Kikubaaqudgha
Makhleb
Nemelex Xobeh
Okawaru
Qazlal
Ru
Sif Muna
Trog
Uskayaw
Vehumet
Wu Jian
Xom
Yredelemnul
Zin
The Shining One
Beogh
Jiyva
Lugonu

Shops:
D (([!


Innate Abilities, Weirdness & Mutations

You have a pair of horns on your head.
You reflexively headbutt those who attack you in melee.
You are frail. (-10% HP)
You are weak. (Str -2)
Potions are less effective at restoring your health.


Message History

Lolorr is heavily wounded.
The javelin pierces through the balrug!!!
You kill the balrug!
Okawaru accepts your kill.
The javelin pierces through the hellion!!
The hellion is severely wounded.
Unknown command.
Throw: 7 javelins
Press: ? - help, Q - select action, (/) - cycle Shift-Dir - straight line, f - Lolorr
Aim: Lolorr (heavily wounded, fast, 63% to hit)
You throw a javelin. The javelin pierces through Lolorr!!!
Lolorr is almost dead.
The javelin pierces through the hellion!!!
You kill the hellion!
Okawaru accepts your kill. Lolorr gestures at you. The bolt of acid misses you.
Unknown command.
You completely miss Lolorr. Your headbutt misses Lolorr.
Lolorr is almost dead.
You block Lolorr's attack.
You miss Lolorr.
Lolorr is almost dead.
You block Lolorr's attack. x2
You bludgeon Lolorr!!
You kill Lolorr!
Okawaru accepts your kill. Okawaru grants you ammunition!
Something appears at your feet!
Unknown command.
l - 6 atropa-tipped darts (gained 1)
There is an open door, spattered with blood here.
Things that are here:
a +0 chain mail; a +0 falchion; a +0 giant club You see here a +0 demon whip.
w - 10 javelins (gained 4)
There is an open door to the Dungeon here.
Items here: ( ))))).
There is a staircase leading out of the dungeon here.
You have escaped!

.)[)[.....[[[....▓
▓▓▓▓▓▓▓▓▓▓▓▓▓▓▓▓.▓
.................▓
▓▓▓▓▓▓▓▓▓▓▓▓▓▓▓▓▓▓
..[......'..[....▓
▓▓▓▓▓▓▓▓▓▓▓▓▓▓▓▓.▓
.................▓
▓▓▓▓▓▓▓▓▓▓▓▓▓▓▓▓▓▓
'..(..[)....)...@▓
▓▓▓▓▓▓▓▓▓▓▓▓▓▓▓▓▓▓


There were no monsters in sight!

Vanquished Creatures
  Cerebov (D)
  Asmodeus (D)
  Antaeus (D)
  the Royal Jelly (D)
  Gloorx Vloq (D)
  Ereshkigal (D)
  Mnoleg (D)
  Dispater (D)
  Lom Lobon (D)
  2 orbs of fire (D)
  5 ancient liches (D)
  Mara (D)
  Boris (D)
  3 royal mummies (D)
  Frederick (D)
  A Killer Klown (D)
  Margery (D)
  Saint Roka (D)
  Xtahua (D)
  7 golden dragons (D)
  Geryon (D)
  A curse toe (D)
  4 electric golems (D)
  2 Brimstone Fiends (D)
  Rupert (D)
  2 pandemonium lords (D)
  An Ice Fiend (D)
  A Hell Sentinel (D)
  2 tentacled monstrosities (D)
  34 Orb Guardians (D)
  4 liches (D)
  4 deep elf blademasters (D)
  A titan (D)
  A death cob (D)
  A quicksilver dragon (D)
  13 sphinxes (D)
  4 deep elf master archers (D)
  A tentacled starspawn (D)
  An Executioner (D)
  9 acid blobs (D)
  Agnes (D)
  Frances (D)
  10 shadow dragons (D)
  3 draconian monks (D)
  4 azure jellies (D)
  2 storm dragons (D)
  7 rockslimes (D)
  A tengu reaver (D)
  Ilsuiw (D)
  4 nagarajas (D)
  A draconian scorcher (D)
  3 ghost moths (D)
  2 draconian knights (D)
  5 emperor scorpions (D)
  2 deep elf sorcerers (D)
  3 frost giants (D)
  An angel (D)
  A cacodemon (D)
  A balrug (D)
  2 vault wardens (D)
  2 draconian stormcallers (D)
  4 draconian shifters (D)
  3 ironbound preservers (D)
  3 demonspawn corrupters (D)
  A demonspawn blood saint (D)
  A draconian annihilator (D)
  5 quicksilver oozes (D)
  A war gargoyle (D)
  7 stone giants (D)
  A deep elf demonologist (D)
  6 vampire knights (D)
  A white draconian (D)
  7 yellow draconians (D)
  Nessos (D)
  2 red draconians (D)
  A deep elf annihilator (D)
  3 purple draconians (D)
  A dire elephant (D)
  A green draconian (D)
  An entropy weaver (D)
  3 black draconians (D)
  A spark wasp (D)
  3 ettins (D)
  2 deep elf death magi (D)
  3 green deaths (D)
  7 fire dragons (D)
  4 mummy priests (D)
  3 merfolk javelineers (D)
  A deep elf high priest (D)
  4 merfolk impalers (D)
  6 great orbs of eyes (D)
  3 yaktaur captains (D)
  25 vault guards (D)
  Erolcha (D)
  8 hydras (D)
  An ironbound thunderhulk (D)
  3 ogre magi (D)
  2 naga warriors (D)
  2 centaur warriors (D)
  3 ice dragons (D)
  2 hell beasts (D)
  An ironbound frostheart (D)
  A peacekeeper (D)
  A merfolk avatar (D)
  A catoblepas (D)
  2 two-headed ogres (D)
  4 merfolk aquamancers (D)
  A tengu warrior (D)
  3 deep troll shamans (D)
  6 orc high priests (D)
  A shock serpent (D)
  An alligator (D)
  A wretched star (D)
  6 hell knights (D)
  Sonja (D)
  A sixfirhy (D)
  A sea snake (D)
  2 glowing orange brains (D)
  A bog body (D)
  2 spriggan druids (D)
  4 shadow demons (D)
  8 swamp dragons (D)
  4 ironbound convokers (D)
  A lindwurm (D)
  12 orc knights (D)
  2 wizards (D)
  A harpy (D)
  A phantasmal warrior (D)
  A necromancer (D)
  An orb spider (D)
  3 cyclopes (D)
  A will-o-the-wisp (D)
  2 salamanders (D)
  A shining eye (shapeshifter) (D)
  2 ugly things (D)
  An elephant (D)
  12 moths of wrath (D)
  4 wolf spiders (D)
  4 manticores (D)
  A worldbinder (D)
  A rust devil (D)
  A water nymph (D)
  4 naga magi (D)
  Maurice (D)
  An orange demon (D)
  A water nymph (shapeshifter) (D)
  6 black mambas (D)
  2 toenail golems (D)
  4 vault sentinels (D)
  A smoke demon (D)
  3 guardian serpents (D)
  2 cane toads (D)
  2 hellions (D)
  2 komodo dragons (D)
  A rime drake (D)
  An ice devil (D)
  A tengu conjurer (D)
  A freezing wraith (D)
  3 demonic crawlers (D)
  21 guardian mummies (D)
  A troll (D)
  A jumping spider (D)
  A wandering mushroom (D)
  3 merfolk (D)
  A slime creature (D)
  A raiju (D)
  A snapping turtle (D)
  7 large abominations (D)
  4 yaks (D)
  2 tarantellas (D)
  3 redbacks (D)
  A vampire (D)
  11 spriggans (D)
  2 wyverns (D)
  Eustachio (D)
  A neqoxec (D)
  6 golden eyes (D)
  A vampire mosquito (D)
  3 nagas (D)
  2 water moccasins (D)
  A floating eye (D)
  2 hell hounds (D)
  8 orc warriors (D)
  2 swamp drakes (D)
  6 wolves (D)
  An ogre (D)
  A centaur (D)
  A phantom (D)
  2 small abominations (D)
  2 bullfrogs (D)
  An iron imp (D)
  4 orc priests (D)
  A hound (D)
  3 orc wizards (D)
  An adder (D)
  An adder zombie (D)
  An adder simulacrum (D)
  12 orcs (D)
  A goblin (D)
  4 kobolds (D)
  2 ball lightnings (D)
587 creatures vanquished.

Vanquished Creatures (others)
  Nikola (D)
  An ice dragon (D)
  2 ball lightnings (D)
  A foxfire (D)
5 creatures vanquished.

Grand Total: 592 creatures vanquished

Notes
Turn   | Place    | Note
-------+----------+-------------------------------------------
     0 | D        | mhtbhm the Minotaur Fighter began the quest for the Orb.
     0 | D        | Reached XP level 1. HP: 19/19 MP: 0/0
    97 | D        | Noticed an ogre
    97 | D        | Noticed a phantom
    97 | D        | Noticed a hound
   100 | D        | Killed a hound
   101 | D        | Reached skill level 5 in Fighting
   101 | D        | Reached skill level 5 in Armour
   101 | D        | Reached skill level 5 in Shields
   101 | D        | Reached XP level 2. HP: 25/29 MP: 1/1
   101 | D        | Reached XP level 3. HP: 32/36 MP: 2/2
   106 | D        | Killed a phantom
   107 | D        | Reached XP level 4. HP: 47/47 MP: 3/3
   111 | D        | Killed an ogre
   112 | D        | Reached skill level 5 in Maces & Flails
   112 | D        | Reached XP level 5. HP: 56/56 MP: 4/4
   118 | D        | Found a snail-covered altar of Cheibriados.
   118 | D        | Found a shadowy altar of Dithmenos.
   118 | D        | Found a white marble altar of Elyvilon.
   118 | D        | Found a blossoming altar of Fedhas.
   118 | D        | Found an opulent altar of Gozag.
   119 | D        | Found a hazy altar of Hepliaklqana.
   120 | D        | Found a viscous altar of Jiyva.
   121 | D        | Found an ancient bone altar of Kikubaaqudgha.
   122 | D        | Found a corrupted altar of Lugonu.
   123 | D        | Found a burning altar of Makhleb.
   124 | D        | Found a sparkling altar of Nemelex Xobeh.
   125 | D        | Found an iron altar of Okawaru.
   126 | D        | Found a stormy altar of Qazlal.
   127 | D        | Found a sacrificial altar of Ru.
   128 | D        | Found a shimmering blue altar of Sif Muna.
   129 | D        | Found a bloodstained altar of Trog.
   130 | D        | Found a hide-covered altar of Uskayaw.
   131 | D        | Found a radiant altar of Vehumet.
   132 | D        | Found an ornate altar of the Wu Jian Council.
   133 | D        | Became a worshipper of Warmaster Okawaru
   134 | D        | Found a shimmering altar of Xom.
   135 | D        | Found a basalt altar of Yredelemnul.
   136 | D        | Found a glowing silver altar of Zin.
   137 | D        | Found a glowing golden altar of the Shining One.
   191 | D        | Noticed a centaur
   191 | D        | Noticed a yak
   191 | D        | Noticed a vampire mosquito
   191 | D        | Noticed a two-headed ogre
   191 | D        | Noticed a troll
   201 | D        | Killed a troll
   202 | D        | Reached skill level 10 in Fighting
   202 | D        | Reached skill level 10 in Armour
   202 | D        | Reached XP level 6. HP: 20/66 MP: 5/5
   208 | D        | Killed a two-headed ogre
   208 | D        | Reached * piety under Okawaru
   209 | D        | Reached skill level 1 in Evocations
   209 | D        | Reached XP level 7. HP: 48/74 MP: 6/6
   209 | D        | Killed a vampire mosquito
   210 | D        | Reached XP level 8. HP: 54/83 MP: 7/7
   214 | D        | Reached ** piety under Okawaru
   219 | D        | Reached skill level 1 in Invocations
   337 | D        | Noticed a catoblepas
   337 | D        | Noticed a six-headed hydra
   337 | D        | Noticed a two-headed ogre
   337 | D        | Noticed a brown ugly thing
   337 | D        | Noticed a cyclops
   341 | D        | Killed a cyclops
   342 | D        | Reached skill level 10 in Maces & Flails
   357 | D        | Killed a brown ugly thing
   357 | D        | Reached *** piety under Okawaru
   358 | D        | Reached XP level 9. HP: 67/92 MP: 8/10
   361 | D        | Killed a two-headed ogre
   362 | D        | Reached skill level 1 in Stealth
   364 | D        | Killed a six-headed hydra
   364 | D        | Received a gift from Okawaru
   364 | D        | Reached **** piety under Okawaru
   365 | D        | Reached skill level 5 in Invocations
   368 | D        | Killed a catoblepas
   372 | D        | Reached XP level 10. HP: 25/102 MP: 10/13
   781 | D        | Noticed a black mamba
   782 | D        | Noticed an elephant
   793 | D        | Reached ***** piety under Okawaru
   793 | D        | Received a gift from Okawaru
   800 | D        | Killed a black mamba
   810 | D        | Killed an elephant
   811 | D        | Reached skill level 15 in Armour
  1066 | D        | Noticed a black mamba
  1066 | D        | Noticed a black mamba
  1066 | D        | Noticed a cane toad
  1076 | D        | Killed a cane toad
  1078 | D        | Noticed a cane toad
  1079 | D        | Killed a black mamba
  1080 | D        | Reached skill level 15 in Fighting
  1080 | D        | Reached skill level 15 in Maces & Flails
  1083 | D        | Killed a black mamba
  1093 | D        | Killed a cane toad
  1447 | D        | Reached XP level 11. HP: 106/113 MP: 16/16
  1457 | D        | Received a gift from Okawaru
  1548 | D        | Noticed Erolcha
  1557 | D        | Killed Erolcha
  1693 | D        | Noticed an orc knight
  1697 | D        | Noticed an orc high priest
  1709 | D        | Killed an orc knight
  1710 | D        | Reached skill level 1 in Throwing
  1710 | D        | Reached skill level 1 in Dodging
  1713 | D        | Killed an orc high priest
  1713 | D        | Reached ****** piety under Okawaru
  2008 | D        | Noticed an orc knight
  2008 | D        | Noticed an orc knight
  2017 | D        | Killed an orc knight
  2018 | D        | Reached skill level 10 in Invocations
  2053 | D        | Killed an orc knight
  2058 | D        | HP: 8/172 [orc warrior (3)]
  2549 | D        | Received a gift from Okawaru
  2743 | D        | Noticed an orc knight
  2757 | D        | Killed an orc knight
  2998 | D        | Found Egonussu's Distillery.
  2998 | D        | Noticed an orc high priest
  2998 | D        | Noticed an orc high priest
  2998 | D        | Noticed an orc knight
  2998 | D        | Noticed an orc knight
  2998 | D        | Noticed an orc knight
  2999 | D        | Noticed an orc high priest
  3002 | D        | Noticed an orc knight
  3003 | D        | Killed an orc high priest
  3003 | D        | Noticed an orc high priest
  3004 | D        | Killed an orc knight
  3005 | D        | Killed an orc knight
  3005 | D        | Killed an orc high priest
  3006 | D        | Killed an orc high priest
  3007 | D        | Reached skill level 5 in Throwing
  3007 | D        | Killed an orc knight
  3010 | D        | Killed an orc high priest
  3011 | D        | Reached XP level 12. HP: 61/125 MP: 16/19
  3011 | D        | Received a gift from Okawaru
  3501 | D        | Found Voafarr's Antique Armour Shop.
  3505 | D        | Found Ewiadurph's Antique Weapon Boutique.
  3509 | D        | Found Jenun's Antique Weapon Shop.
  3513 | D        | Noticed an orc high priest
  3520 | D        | Killed an orc high priest
  3569 | D        | Bought a potion of resistance for 140 gold pieces
  3569 | D        | Bought a potion of curing for 42 gold pieces
  3569 | D        | Bought a potion of heal wounds for 70 gold pieces
  3569 | D        | Bought a potion of heal wounds for 70 gold pieces
  3569 | D        | Bought a potion of might for 56 gold pieces
  3569 | D        | Bought a potion of curing for 42 gold pieces
  3569 | D        | Bought a potion of heal wounds for 70 gold pieces
  3569 | D        | Bought a potion of might for 56 gold pieces
  3569 | D        | Bought a potion of heal wounds for 70 gold pieces
  3569 | D        | Bought a potion of invisibility for 112 gold pieces
  3585 | D        | Bought a runed scale mail for 133 gold pieces
  3611 | D        | Bought a glowing buckler for 142 gold pieces
  3624 | D        | Bought a glowing ring mail for 133 gold pieces
  3635 | D        | Bought a potion of cancellation for 112 gold pieces
  3941 | D        | Noticed Eustachio
  3949 | D        | Killed Eustachio
  3950 | D        | Reached skill level 15 in Shields
  3954 | D        | Noticed Sonja
  3956 | D        | Killed Sonja
  3981 | D        | Noticed Maurice
  3990 | D        | Killed Maurice
  4193 | D        | Noticed a centaur warrior
  4194 | D        | Noticed a centaur warrior
  4198 | D        | Killed a centaur warrior
  4201 | D        | Killed a centaur warrior
  4206 | D        | Noticed an ogre mage
  4213 | D        | Noticed a deep troll shaman
  4213 | D        | Noticed a stone giant
  4220 | D        | Killed an ogre mage
  4227 | D        | Killed a deep troll shaman
  4228 | D        | Noticed a tengu warrior
  4232 | D        | Noticed a fire dragon
  4240 | D        | Killed a stone giant
  4242 | D        | Identified the +4 eveningstar "Killer Bee's Doom" {spect,
                  | Fly rC+ Int+10 Dex-3} (Okawaru gifted it to you in the
                  | Dungeon)
  4242 | D        | Received a gift from Okawaru
  4247 | D        | Killed a tengu warrior
  4253 | D        | Killed a fire dragon
  4387 | D        | Noticed a stone giant
  4399 | D        | Killed a stone giant
  4400 | D        | Reached XP level 13. HP: 93/137 MP: 22/22
  4473 | D        | Noticed Frances
  4487 | D        | Killed Frances
  4489 | D        | Noticed Rupert
  4504 | D        | Killed Rupert
  4565 | D        | Noticed a merfolk javelineer
  4565 | D        | Noticed a merfolk impaler
  4697 | D        | Killed a merfolk impaler
  4713 | D        | Killed a merfolk javelineer
  4714 | D        | Reached skill level 10 in Throwing
  4714 | D        | Received a gift from Okawaru
  4714 | D        | Found the +5 demon whip "Spellbinder" {antimagic, Will+}
  4715 | D        | Reached skill level 5 in Dodging
  4827 | D        | Noticed an entropy weaver
  4836 | D        | Killed an entropy weaver
  4839 | D        | Reached skill level 15 in Invocations
  4936 | D        | Received a gift from Okawaru
  4974 | D        | Received a gift from Okawaru
  5062 | D        | Noticed Saint Roka
  5091 | D        | Killed Saint Roka
  5092 | D        | Reached XP level 14. HP: 73/149 MP: 18/25
  5158 | D        | Noticed a frost giant
  5158 | D        | Noticed a stone giant
  5166 | D        | Killed a stone giant
  5176 | D        | Noticed a frost giant
  5185 | D        | Killed a frost giant
  5188 | D        | Identified the +6 mace "Beptus" {vamp, *Noise rC+ rCorr}
                  | (Okawaru gifted it to you in the Dungeon)
  5188 | D        | Received a gift from Okawaru
  5188 | D        | Killed a frost giant
  5188 | D        | Noticed a golden dragon
  5195 | D        | Noticed a stone giant
  5196 | D        | Killed a golden dragon
  5199 | D        | Noticed a frost giant
  5218 | D        | Killed a stone giant
  5225 | D        | Killed a frost giant
  5239 | D        | Received a gift from Okawaru
  5249 | D        | Noticed a stone giant
  5341 | D        | Killed a stone giant
  5407 | D        | Reached skill level 15 in Throwing
  5409 | D        | Identified the +7 plate armour of the Distant Future
                  | {Rampage Int+6} (Okawaru gifted it to you in the Dungeon)
  5409 | D        | Received a gift from Okawaru
  5419 | D        | Noticed a vault warden
  5453 | D        | Noticed an ironbound preserver
  5465 | D        | Noticed an ironbound preserver
  5471 | D        | Killed a vault warden
  5489 | D        | Noticed a vault warden
  5505 | D        | Killed an ironbound preserver
  5508 | D        | Killed an ironbound preserver
  5524 | D        | Killed a vault warden
  5652 | D        | Noticed Frederick
  5672 | D        | Killed Frederick
  5673 | D        | Reached XP level 15. HP: 162/162 MP: 9/27
  5807 | D        | Found the +3 pair of seven-league boots {Rampage+∞}
  6013 | D        | Killed a ghost moth
  6040 | D        | Killed a ghost moth
  6046 | D        | Got a gossamer rune of Zot
  6190 | D        | Noticed a nagaraja
  6190 | D        | Noticed a nagaraja
  6193 | D        | Received a gift from Okawaru
  6193 | D        | Noticed a nagaraja
  6196 | D        | Killed a nagaraja
  6196 | D        | Received a gift from Okawaru
  6197 | D        | Noticed a nagaraja
  6198 | D        | Killed a nagaraja
  6199 | D        | Killed a nagaraja
  6204 | D        | Killed a nagaraja
  6223 | D        | Got a serpentine rune of Zot
  6250 | D        | Noticed Ilsuiw
  6268 | D        | Killed Ilsuiw
  6311 | D        | Got a barnacled rune of Zot
  6436 | D        | Got a decaying rune of Zot
  6599 | D        | Noticed Agnes
  6610 | D        | Killed Agnes
  6675 | D        | Noticed Mara
  6678 | D        | Noticed mhtbhm's illusion
  6686 | D        | Killed Mara
  6686 | D        | Received a gift from Okawaru
  6815 | D        | Reached XP level 16. HP: 175/180 MP: 29/29
  6987 | D        | Noticed a shadow dragon
  6987 | D        | Noticed a tengu reaver
  6990 | D        | Received a gift from Okawaru
  6991 | D        | Reached skill level 27 in Fighting
  6991 | D        | Killed a tengu reaver
  6994 | D        | Killed a shadow dragon
  6994 | D        | Gained mutation: Potions are less effective at restoring
                  | your health. [a shining eye]
  6997 | D        | Noticed a shadow dragon
  6997 | D        | Noticed a shadow dragon
  7012 | D        | Killed a shadow dragon
  7013 | D        | Killed a shadow dragon
  7083 | D        | Noticed a shadow dragon
  7083 | D        | Noticed a lich
  7083 | D        | Noticed a golden dragon
  7083 | D        | Noticed a tentacled monstrosity
  7083 | D        | Noticed a shadow dragon
  7088 | D        | Noticed a titan
  7098 | D        | Killed a tentacled monstrosity
  7098 | D        | Killed a lich
  7098 | D        | Killed a shadow dragon
  7099 | D        | Killed a shadow dragon
  7099 | D        | Noticed a golden dragon
  7100 | D        | Killed a golden dragon
  7100 | D        | Killed a titan
  7101 | D        | Reached skill level 27 in Maces & Flails
  7101 | D        | Noticed a shadow dragon
  7104 | D        | Killed a golden dragon
  7116 | D        | Killed a shadow dragon
  7118 | D        | Got a silver rune of Zot
  7134 | D        | Identified the +6 short sword of Atzauchurchia {protect,
                  | rC+ Will+}
  7204 | D        | Noticed Nessos
  7209 | D        | Killed Nessos
  7221 | D        | Noticed Nikola
  7227 | D        | Noticed Boris
  7233 | D        | Killed Nikola
  7237 | D        | Killed Boris
  7291 | D        | Got the amulet "Odghotra" {Reflect Str-3 Int+2 Dex+8 SH+5}
  7293 | D        | Got the ring of Xuboef {rC++ Dex+5 Slay+3}
  7295 | D        | Got the ring of Huowyossan {rCorr SInv}
  7297 | D        | Got the ring "Ewiess" {rElec AC+3 Dex+3}
  7299 | D        | Got the ring "Japtol" {rN++ EV+3}
  7355 | D        | Got the +3 tower shield of Ylaebl Huargh {rC+++ Will- Str+7
                  | Int-3}
  7476 | D        | Noticed Xtahua
  7477 | D        | Paralysed by Xtahua for 7 turns
  7490 | D        | Killed Xtahua
  7490 | D        | Received a gift from Okawaru
  7500 | D        | Noticed Margery
  7504 | D        | Identified the +3 rapier of a Labyrinth {vamp, rElec Str+2
                  | Int+6} (Okawaru gifted it to you in the Dungeon)
  7504 | D        | Received a gift from Okawaru
  7509 | D        | Killed Margery
  7515 | D        | Reached XP level 17. HP: 178/191 MP: 32/32
  7562 | D        | Noticed a quicksilver dragon
  7564 | D        | Killed a quicksilver dragon
  7610 | D        | Noticed a golden dragon
  7610 | D        | Noticed a golden dragon
  7616 | D        | Killed a golden dragon
  7616 | D        | Killed a golden dragon
  7620 | D        | Received a gift from Okawaru
  7634 | D        | Reached skill level 27 in Armour
  7799 | D        | Reached skill level 27 in Shields
  7908 | D        | Noticed a golden dragon
  7934 | D        | Killed a golden dragon
  8082 | D        | Received a gift from Okawaru
  8084 | D        | Reached skill level 27 in Invocations
  8086 | D        | Reached skill level 27 in Throwing
  8099 | D        | Reached skill level 1 in Long Blades
  8099 | D        | Reached skill level 1 in Axes
  8099 | D        | Reached skill level 1 in Polearms
  8099 | D        | Reached skill level 1 in Staves
  8099 | D        | Reached skill level 1 in Slings
  8375 | D        | Noticed an Orb Guardian
  8375 | D        | Noticed an Orb Guardian
  8375 | D        | Noticed an Orb Guardian
  8375 | D        | Noticed an Orb Guardian
  8375 | D        | Noticed an Orb Guardian
  8375 | D        | Noticed an Orb Guardian
  8376 | D        | Killed an Orb Guardian
  8376 | D        | Noticed an Orb Guardian
  8377 | D        | Reached skill level 1 in Short Blades
  8377 | D        | Reached skill level 1 in Bows
  8377 | D        | Reached skill level 1 in Crossbows
  8377 | D        | Reached skill level 1 in Unarmed Combat
  8377 | D        | Reached skill level 1 in Earth Magic
  8377 | D        | Killed an Orb Guardian
  8377 | D        | Killed an Orb Guardian
  8378 | D        | Reached skill level 1 in Spellcasting
  8378 | D        | Reached skill level 1 in Conjurations
  8378 | D        | Reached skill level 1 in Hexes
  8378 | D        | Reached skill level 1 in Summonings
  8378 | D        | Reached skill level 1 in Necromancy
  8378 | D        | Reached skill level 1 in Translocations
  8378 | D        | Reached skill level 1 in Transmutations
  8378 | D        | Reached skill level 1 in Fire Magic
  8378 | D        | Reached skill level 1 in Ice Magic
  8378 | D        | Reached skill level 1 in Air Magic
  8378 | D        | Reached skill level 1 in Poison Magic
  8378 | D        | Noticed an Orb Guardian
  8379 | D        | Killed an Orb Guardian
  8380 | D        | Reached skill level 5 in Evocations
  8380 | D        | Killed an Orb Guardian
  8381 | D        | Killed an Orb Guardian
  8382 | D        | Reached skill level 5 in Stealth
  8382 | D        | Killed an Orb Guardian
  8382 | D        | Received a gift from Okawaru
  8383 | D        | Reached skill level 5 in Axes
  8383 | D        | Reached XP level 18. HP: 200/200 MP: 34/34
  8389 | D        | Killed an Orb Guardian
  8390 | D        | Reached skill level 5 in Slings
  8390 | D        | Noticed an Orb Guardian
  8391 | D        | Noticed an Orb Guardian
  8394 | D        | Killed an Orb Guardian
  8397 | D        | Killed an Orb Guardian
  8398 | D        | Reached skill level 10 in Dodging
  8462 | D        | Noticed an Orb Guardian
  8462 | D        | Noticed an Orb Guardian
  8463 | D        | Noticed an Orb Guardian
  8464 | D        | Killed an Orb Guardian
  8464 | D        | Received a gift from Okawaru
  8465 | D        | Noticed an Orb Guardian
  8470 | D        | Killed an Orb Guardian
  8471 | D        | Killed an Orb Guardian
  8475 | D        | Killed an Orb Guardian
  8598 | D        | Noticed an ancient lich
  8616 | D        | Killed an ancient lich
  8617 | D        | Reached skill level 10 in Axes
  8619 | D        | Noticed an orb of fire
  8620 | D        | Gained mutation: You are frail. (-10% HP) [an orb of fire]
  8635 | D        | Killed an orb of fire
  8635 | D        | Received a gift from Okawaru
  8636 | D        | Reached skill level 10 in Slings
  8662 | D        | Noticed an electric golem
  8666 | D        | Killed an electric golem
  8673 | D        | Noticed an ancient lich
  8673 | D        | Noticed a Killer Klown
  8673 | D        | Noticed an electric golem
  8673 | D        | Noticed an electric golem
  8673 | D        | Noticed an electric golem
  8675 | D        | Killed an electric golem
  8676 | D        | Reached skill level 10 in Evocations
  8677 | D        | Killed a Killer Klown
  8677 | D        | Noticed an orb of fire
  8678 | D        | Reached skill level 10 in Stealth
  8683 | D        | Killed an ancient lich
  8684 | D        | Killed an electric golem
  8685 | D        | Killed an electric golem
  8692 | D        | Killed an orb of fire
  8693 | D        | Noticed a golden dragon
  8693 | D        | Noticed a tentacled monstrosity
  8693 | D        | Noticed an ancient lich
  8693 | D        | Noticed a curse toe
  8702 | D        | Killed a curse toe
  8703 | D        | Reached skill level 15 in Dodging
  8706 | D        | Killed an ancient lich
  8709 | D        | Killed a tentacled monstrosity
  8710 | D        | Killed a golden dragon
  8711 | D        | Reached skill level 15 in Axes
  8999 | D        | Noticed an Orb Guardian
  8999 | D        | Noticed an Orb Guardian
  8999 | D        | Noticed an Orb Guardian
  8999 | D        | Noticed an Orb Guardian
  8999 | D        | Noticed an Orb Guardian
  8999 | D        | Noticed an Orb Guardian
  9003 | D        | Killed an Orb Guardian
  9004 | D        | Killed an Orb Guardian
  9004 | D        | Killed an Orb Guardian
  9005 | D        | Killed an Orb Guardian
  9006 | D        | Killed an Orb Guardian
  9006 | D        | Noticed an Orb Guardian
  9011 | D        | Killed an Orb Guardian
  9012 | D        | Noticed an Orb Guardian
  9013 | D        | Killed an Orb Guardian
  9014 | D        | Reached skill level 15 in Slings
  9014 | D        | Noticed an Orb Guardian
  9014 | D        | Noticed an Orb Guardian
  9014 | D        | Noticed an Orb Guardian
  9016 | D        | Killed an Orb Guardian
  9016 | D        | Received a gift from Okawaru
  9017 | D        | Noticed an Orb Guardian
  9019 | D        | Killed an Orb Guardian
  9023 | D        | Killed an Orb Guardian
  9029 | D        | Killed an Orb Guardian
  9033 | D        | Killed an Orb Guardian
  9185 | D        | Noticed a lich
  9185 | D        | Noticed an ancient lich
  9185 | D        | Noticed an ancient lich
  9196 | D        | Noticed a lich
  9197 | D        | Noticed a lich
  9198 | D        | Killed a lich
  9204 | D        | Reached XP level 19. HP: 180/186 MP: 35/35
  9212 | D        | Killed an ancient lich
  9224 | D        | Reached skill level 15 in Evocations
  9226 | D        | Killed an ancient lich
  9227 | D        | Reached skill level 15 in Stealth
  9734 | D        | Received a gift from Okawaru
  9757 | D        | Got an elven rune of Zot
  9797 | D        | Noticed the Royal Jelly
  9815 | D        | Killed the Royal Jelly
 10083 | D        | Got a slimy rune of Zot
 10285 | D        | Paralysed by a sphinx for 7 turns
 10302 | D        | Paralysed by a sphinx for 5 turns
 10717 | D        | Identified the +2 dire flail of Desperation {elec, rF- rN++
                  | Will+ Dex+3} (Okawaru gifted it to you in the Dungeon)
 10717 | D        | Received a gift from Okawaru
 10949 | D        | Noticed a royal mummy
 10949 | D        | Noticed a royal mummy
 11502 | D        | Killed a royal mummy
 11503 | D        | Reached XP level 20. HP: 182/194 MP: 36/36
 11539 | D        | Noticed a royal mummy
 11552 | D        | Killed a royal mummy
 11560 | D        | Killed a royal mummy
 11927 | D        | Got a golden rune of Zot
 11951 | D        | Got an abyssal rune of Zot
 12183 | D        | Noticed Geryon
 12194 | D        | Killed Geryon
 12197 | D        | Noticed Ereshkigal
 12197 | D        | Noticed Gloorx Vloq
 12197 | D        | Found the +4 staff of Dispater
 12197 | D        | Noticed Dispater
 12204 | D        | Killed Gloorx Vloq
 12208 | D        | Noticed Lom Lobon
 12217 | D        | Killed Ereshkigal
 12645 | D        | Killed Dispater
 12645 | D        | Received a gift from Okawaru
 12774 | D        | Killed Lom Lobon
 12823 | D        | Found the +6 sword of Cerebov {flame}
 12823 | D        | Noticed Cerebov
 12855 | D        | Killed Cerebov
 12861 | D        | Found the +7 sceptre of Asmodeus
 12861 | D        | Noticed Asmodeus
 12864 | D        | Noticed Mnoleg
 12869 | D        | Killed Asmodeus
 12895 | D        | Killed Mnoleg
 12896 | D        | Reached skill level 27 in Stealth
 12949 | D        | Noticed Antaeus
 13032 | D        | Killed Antaeus
 13046 | D        | Got a dark rune of Zot
 13050 | D        | Got a bone rune of Zot
 13055 | D        | Got an iron rune of Zot
 13059 | D        | Got a magical rune of Zot
 13063 | D        | Got a fiery rune of Zot
 13067 | D        | Got an obsidian rune of Zot
 13071 | D        | Got an icy rune of Zot
 13075 | D        | Got a glowing rune of Zot
 13492 | D        | Got the Orb of Zot
 14089 | D        | Received a gift from Okawaru
 14124 | D        | Reached skill level 27 in Axes
 14509 | D        | Identified the +8 battleaxe of the Eternal Warrior {flame,
                  | rC+++ Str+3 Int-3 SInv} (Okawaru gifted it to you in the
                  | Dungeon)
 14509 | D        | Received a gift from Okawaru
 14762 | D        | Noticed Arhupram the pandemonium lord
 14767 | D        | Killed Arhupram the pandemonium lord
 15005 | D        | Reached skill level 27 in Dodging
 15017 | D        | Reached XP level 21. HP: 201/201 MP: 37/37
 15037 | D        | Gained mutation: You are weak. (Str -2) [a cacodemon]
 15094 | D        | Received a gift from Okawaru
 15095 | D        | Reached skill level 27 in Slings
 15279 | D        | Noticed Lolorr the pandemonium lord
 15287 | D        | Killed Lolorr the pandemonium lord
 15287 | D        | Received a gift from Okawaru
 15304 | D        | Escaped with the Orb!

Illustrated notes

Levels and vault maps discovered:
D:        linesprint [early_d, line_temple, items_1, d_10, items_2, lair_1,
          lair_end, items_3, orc_1, orc_end, items_4, d_15, swamp_1, shoals_1,
          snake_1, spider_1, d_20, vaults_1, items_5, swamp_end, shoals_end,
          snake_end, spider_end, vaults_end, d_27, items_6, zot_1, zot_end,
          crypt_end, forest_end, elf_end, slime_end, tomb_end, abyss_end,
          pan_hell_end]

Skill      XL: |  1  2  3  4  5  6  7  8  9 10 11 12 13 14 15 16 17 18 19 20 21 |
---------------+----------------------------------------------------------------+-----
Fighting       | 5 7 8 10 11 12 13 15 17 19 20 22 25 27 | 27.0
Armour         | 5 7 8 10 12 13 14 15 17 19 20 21 23 26 27 | 27.0
Shields        | 5 7 8 9 11 12 13 14 15 17 19 22 24 27 | 27.0
Maces & Flails | 3 4 5 6 8 10 13 15 17 18 20 22 24 27 | 27.0
Evocations     | 1 2 3 4 6 14 19 23 25 | 25.8
Invocations    | 3 6 9 11 13 16 18 21 24 27 | 27.0
Stealth        | 2 3 5 14 19 27 | 27.0
Throwing       | 5 9 12 16 18 21 27 | 27.0
Dodging        | 3 4 6 7 9 17 23 27 | 27.0
Long Blades    | 2 |  2.1
Axes           | 5 17 24 27 | 27.0
Polearms       | 2 |  2.0
Staves         | 2 |  2.0
Slings         | 4 16 22 26 27 | 27.0
Short Blades   | 1 |  1.8
Bows           | 1 |  1.8
Crossbows      | 1 |  1.9
Unarmed Combat | 1 |  1.8
Earth Magic    | 1 |  1.4
Spellcasting   | 1 |  1.1
Conjurations   | 1 |  1.3
Hexes          | 1 |  1.0
Summonings     | 1 |  1.2
Necromancy     | 1 |  1.1
Translocations | 1 |  1.1
Transmutations | 1 |  1.2
Fire Magic     | 1 |  1.1
Ice Magic      | 1 |  1.1
Air Magic      | 1 |  1.1
Poison Magic   | 1 |  1.3

Action                   |  1- 3 |  4- 6 |  7- 9 | 10-12 | 13-15 | 16-18 | 19-21 || total
-------------------------+-------+-------+-------+-------+-------+-------+-------++-------
Melee: Flail             |    17 |     5 |       |       |       |       |       ||    22
       Headbutt          |     3 |     6 |     5 |    61 |   150 |   143 |   224 ||   592
       Morningstar       |       |    11 |    30 |   135 |       |    23 |   431 ||   630
       Demon whip        |       |       |       |   113 |   480 |   405 |   141 ||  1139
Throw: Javelin           |       |       |       |    39 |    84 |   104 |    56 ||   283
       Dart              |       |       |       |     1 |     9 |       |     5 ||    15
Invok: Heroism           |       |       |       |     1 |     2 |     1 |     5 ||     9
       Finesse           |       |       |       |       |     2 |     1 |     4 ||     7
Evoke: Wand              |       |     3 |     2 |     2 |     3 |       |       ||    10
  Use: Potion            |     1 |     1 |     2 |    12 |     3 |       |    18 ||    37
       Scroll            |       |     1 |       |     1 |       |     6 |     4 ||    12
 Stab: Petrified         |       |       |     1 |       |       |       |       ||     1
       Invisible         |       |       |       |       |       |       |     5 ||     5
       Distracted        |       |       |       |       |       |       |     1 ||     1
Armor: Scale mail        |     4 |       |       |       |       |       |       ||     4
       Plate armour      |       |     5 |    23 |       |       |       |       ||    28
       Chain mail        |       |       |       |    53 |    46 |       |       ||    99
       Gold dragon scale |       |       |       |       |   119 |    92 |    99 ||   310
Dodge: Dodged            |     7 |     6 |     8 |    55 |   120 |    42 |    84 ||   322
Block: Buckler           |       |     8 |     9 |    58 |   119 |    40 |       ||   234
       Tower shield      |       |       |       |       |       |   136 |   355 ||   491
       Reflection        |       |       |       |       |       |       |    10 ||    10

Table legend: (Time is in decaauts) A = Elapsed time spent in this place. B = Non-inter-level travel time spent in this place. C = Inter-level travel time spent in this place. D = Time resting spent in this place. E = Time spent auto-exploring this place. F = Levels seen in this place. G = Mean time per level. A B C D E F G +--------+--------+--------+--------+--------+-----+--------+ Total | 14407 | 12915 | 1492 | 5156 | 2898 | 1 | 14407.0 | Dungeon | 14407 | 12915 | 1492 | 5156 | 2898 | 1 | 14407.0 | +--------+--------+--------+--------+--------+-----+--------+

Top non-repeatable levels by time:
       D: 14407 daAuts
